 Dungeon Crawl Stone Soup version 0.28.0-43-g3370ac3207 (webtiles) character file.

Game seed: 3436065188847138273

10644 demenzo the Carver (level 11, 0/85 HPs)
             Began as a Djinni Cinder Acolyte on Mar 15, 2022.
             Was an Initiate of Ignis.
             Shot with an arrow by a centaur warrior (9 damage)
             ... on level 12 of the Dungeon on Mar 16, 2022.
             The game lasted 00:46:18 (23953 turns).

demenzo the Carver (Djinni Cinder Acolyte)         Turns: 23953, Time: 00:46:18

Health: 0/85       AC: 10    Str: 13    XL:     11   Next: 96%
Gold:   736        EV: 11    Int: 21    God:    Ignis [......] SH:  0 Dex:  8

rFire   + + +      SeeInvis .   a - +1 great sword
rCold   x . .      Faith    .   (shield currently unavailable)
rNeg    . . .      Spirit   .   Y - +2 ring mail {rF+}
rPois   ∞          Reflect  .   v - +1 helmet
rElec   .          Harm     .   P - +0 cloak
rCorr   +          Rampage  .   (no gloves)
Will    +....                   (boots unavailable)
Stlth   ..........              (no amulet)
HPRegen 0.24/turn               e - ring of protection from fire
MPRegen 0.00/turn               O - ring of resist corrosion

@: flying, studying Stealth
A: sickness immunity, fire resistance 2, cold vulnerability 1, float, innate
caster, HP casting, extra vitality 1
a: Renounce Religion, Rising Flame


You were on level 12 of the Dungeon.
You worshipped Ignis.
Ignis was noncommittal.
You visited 2 branches of the dungeon, and saw 13 of its levels.
You also visited: Sewer and Ossuary.

You collected 833 gold pieces.
You spent 97 gold pieces at shops.

Inventory:

Hand Weapons
 a - a +1 great sword (weapon)
 A - a -1 falchion of flaming
 B - a +0 scimitar
 T - the +3 long sword of the Inferno {vorpal, *Corrode rElec Int+5}
   (You took it off an orc on level 7 of the Dungeon)

   It inflicts extra damage upon your enemies.
   Int:       It affects your intelligence (+5).
   rElec:     It insulates you from electricity.
   *Corrode:  It may corrode you when you take damage.
Missiles
 c - 299 stones
 k - 8 silver boomerangs
 o - 125 sling bullets
 u - 3 throwing nets
 W - 2 atropa-tipped darts
 X - 5 javelins
Armour
 v - a +1 helmet (worn)
 D - +0 acid dragon scales
 P - a +0 cloak (worn)
 Y - a +2 ring mail of fire resistance (worn)
Jewellery
 e - a ring of protection from fire (left hand)
 i - a ring of see invisible
 j - a ring of protection from fire
 O - a ring of resist corrosion (right hand)
Wands
 b - a wand of iceblast (8)
 t - a wand of acid (6)
 x - a wand of polymorph (26)
 y - a wand of flame (20)
 V - a wand of mindburst (4)
Scrolls
 l - 3 scrolls of teleportation
 C - a scroll of enchant weapon
 R - a scroll of magic mapping
 S - a scroll of fog
 Z - a scroll of identify
Potions
 d - 4 potions of curing
 f - 3 potions of attraction
 g - 6 potions of mutation
 m - 7 potions of might
 p - 4 potions of lignification
 r - 2 potions of brilliance {unknown}
 s - 2 potions of heal wounds {unknown}
 w - a potion of experience {unknown}
 z - 4 potions of magic {unknown}
 E - 2 potions of ambrosia {unknown}
 F - a potion of flight {unknown}
 G - 2 potions of degeneration {unknown}
 H - 2 potions of berserk rage {unknown}
 Q - 2 potions of cancellation {unknown}
Miscellaneous
 M - a tin of tremorstones (2/2)


   Skills:
 + Level 9.6 Fighting
 * Level 12.1 Long Blades
 + Level 3.3 Dodging
 - Level 7.0 Spellcasting


You had 8 spell levels left.
You knew the following spells:

 Your Spells              Type           Power      Damage    Failure   Level
a - Scorch                Fire           72%        2d9       1%          2
b - Sting                 Tmut/Pois      100%       1d8       1%          1
c - Call Imp              Summ           36%        N/A       1%          2
d - Summon Guardian Gole  Hex/Summ       36%        N/A       3%          3
e - Spider Form           Tmut/Pois      36%        N/A       3%          3
f - Freezing Cloud        Conj/Ice/Air   18%        6-21      30%         5
Your spell library was empty.

Dungeon Overview and Level Annotations

Branches:
Dungeon (12/15)            Temple (1/1) D:5            Lair (0/6) D:10
    Orc (0/2) D:11          Sewer (visited)         Ossuary (visited)

Altars:
Ashenzari
Cheibriados
Dithmenos
Elyvilon
Fedhas
Gozag
Hepliaklqana
Kikubaaqudgha
Makhleb
Nemelex Xobeh
Okawaru
Qazlal
Ru
Sif Muna
Trog
Uskayaw
Vehumet
Wu Jian
Xom
Yredelemnul
Zin
The Shining One
Beogh

Shops:
D:7 **   D:11 [

Annotations:
D:3 exclusion: downstairs


Innate Abilities, Weirdness & Mutations

You are immune to sickness and miasma.
You are immune to poison.
Your flesh is very heat resistant. (rF++)
You are vulnerable to cold. (rC-)
You float through the air rather than walking.
You learn spells naturally, not from books.
Your magical power is your life essence.
You have superior vitality. (+4 MHP)


Message History

You miss the vampire mosquito.
The vampire mosquito is heavily damaged.
The vampire mosquito closely misses you.
The vampire mosquito bites you but does no damage.
You slash the vampire mosquito!
The vampire mosquito is severely damaged.
The vampire mosquito bites you!
The vampire mosquito closely misses you.
You miss the vampire mosquito.
The vampire mosquito is severely damaged.
The vampire mosquito bites you.
The vampire mosquito bites you but does no damage.
You hit the vampire mosquito.
The vampire mosquito is severely damaged.
The vampire mosquito misses you.
The vampire mosquito closely misses you.
You miss the vampire mosquito.
The vampire mosquito is severely damaged.
The vampire mosquito misses you. The vampire mosquito bites you!
* * * LOW HITPOINT WARNING * * *
You hit the vampire mosquito.
The vampire mosquito is severely damaged.
The vampire mosquito bites you.
* * * LOW HITPOINT WARNING * * *
The vampire mosquito barely misses you.
A centaur warrior comes into view.
You miss the vampire mosquito.
The vampire mosquito is severely damaged.
The centaur warrior shouts!
The vampire mosquito closely misses you. x2
A centaur comes into view.
The centaur shouts!
The vampire mosquito bites you but does no damage.
The vampire mosquito barely misses you.
The centaur warrior wields a +2 longbow of freezing.
It is covered in frost.
The centaur warrior shoots an arrow.
The arrow hits you!
* * * LOW HITPOINT WARNING * * *
The arrow freezes you!
You die...

*,* *,****,,*
*,,****,,******
*,* *,,,,,,,*
*,,,,,,,,* *,*
*,,,,,,,*
*..,,,,,,* *,*
*,,***,,*
*..,,,,,,* *,*
*,,* *,,*
#.#****,,* *,*
*,,* *,,* #.#
*,,* *,* *,,*
#,,* #.# *,,*
,,* *,,*
#..#####.# *,,*
,,* *,,*
#....@yc.# *,,*
,,*****,,*
#...###c.# *,,*
*,,,,,,,,*
#.c,* #..# *,,*
*,,****,,*
#.,,* #..# *,,*
*,,* *,,**#,,,*
#c.# *,,* *,,*
*,,,,,,,,* #c.#
*,,* *,,*
*,****,,,* #..#
*,,* *,,* *,*
*,,,*
#..#****,,*
*,,* *,* *,,,*
#.........*


You could see a centaur warrior, a vampire mosquito and 2 centaurs.

Vanquished Creatures
  A two-headed ogre (D:10)
  Pikel (D:5)
  Maggie (D:7)
  An unseen horror (D:7)
  A troll (D:8)
  Prince Ribbit (D:6)
  Grinder (D:3)
  2 wyverns
  2 steam dragons
  6 yaks
  2 wraiths
  6 vampire mosquitoes
  Menkaure (D:5)
  Edmund (D:6)
  An acid dragon (D:4)
  2 water moccasins
  A floating eye (D:10)
  8 orc warriors
  A sky beast (D:7)
  2 ice beasts
  4 black bears
  2 centaurs
  An ogre (D:6)
  4 kobold brigands
  4 lemures (D:5)
  4 bullfrogs
  A wyvern zombie (D:6)
  2 scorpions
  A wyvern skeleton (D:7)
  A howler monkey (D:11)
  5 wights
  6 electric eels (D:7)
  2 centaur zombies
  A bullfrog zombie (D:6)
  A human zombie (D:6)
  3 hounds
  2 jellies
  9 orc priests
  A centaur skeleton (D:7)
  Jessica (D:2)
  Ijyb (D:3)
  Terence (D:3)
  5 iguanas
  3 orc wizards
  Natasha (thrice) (D:3)
  A killer bee zombie (D:6)
  A hound skeleton (D:5)
  2 howler monkey zombies
  8 mummies (Ossuary)
  Robin (D:2)
  2 adders
  4 gnolls
  A howler monkey skeleton (D:3)
  A river rat (Sewer)
  An ufetubus (D:4)
  A worm zombie (D:6)
  An adder skeleton (D:4)
  3 worms (Sewer)
  2 dart slugs
  48 orcs
  5 bats
  14 endoplasms
  5 giant cockroaches
  A gnoll zombie (Ossuary)
  17 goblins
  12 hobgoblins
  4 jackals (D:1)
  3 quokkas (D:3)
  9 ball pythons
  2 frilled lizards
  A hobgoblin zombie (Ossuary)
  A jackal zombie (D:6)
  20 kobolds
  A kobold zombie (Ossuary)
  5 orc zombies
  11 rats
298 creatures vanquished.

Vanquished Creatures (collateral kills)
  A vampire mosquito (D:11)
  A gnoll shaman (D:7)
  2 gnolls (D:7)
  A shadow imp (D:7)
  A hobgoblin (D:3)
  A kobold zombie (Ossuary)
7 creatures vanquished.

Vanquished Creatures (others)
  A two-headed ogre (D:10)
  A black bear (D:10)
  An ogre (D:5)
  66 foxfires
  2 fungi (D:10)
  4 plants (D:7)
75 creatures vanquished.

Grand Total: 380 creatures vanquished

Notes
Turn   | Place    | Note
-------+----------+-------------------------------------------
     0 | D:1      | demenzo the Djinni Cinder Acolyte began the quest for the
                  | Orb.
     0 | D:1      | Reached XP level 1. HP: 20/20 MP: 0/0
   234 | D:1      | Reached XP level 2. HP: 20/25 MP: 0/0
   242 | D:1      | Reached skill level 3 in Long Blades
   746 | D:1      | Reached XP level 3. HP: 21/30 MP: 0/0
   746 | D:1      | Learned a level 1 spell: Sting
  1541 | D:2      | Noticed Robin
  2014 | D:2      | Reached XP level 4. HP: 14/35 MP: 0/0
  2453 | D:2      | Killed Robin
  2626 | D:2      | Noticed Jessica
  2631 | D:2      | Killed Jessica
  2840 | D:2      | Reached XP level 5. HP: 41/41 MP: 0/0
  2840 | D:2      | Learned a level 2 spell: Call Imp
  3347 | D:3      | Noticed Terence
  3355 | D:3      | Killed Terence
  3356 | D:3      | Reached skill level 4 in Long Blades
  3393 | D:3      | Noticed Ijyb
  3713 | D:3      | Found a shadowy altar of Dithmenos.
  3740 | D:3      | Noticed Grinder
  3757 | D:3      | Killed Grinder
  3758 | D:3      | Reached XP level 6. HP: 31/48 MP: 0/0
  3779 | D:3      | Reached skill level 5 in Long Blades
  3835 | D:3      | Noticed Natasha
  3840 | D:3      | Killed Natasha
  3841 | D:3      | Reached XP level 7. HP: 29/53 MP: 0/0
  3841 | D:3      | Learned a level 3 spell: Summon Guardian Golem
  3867 | D:3      | Found a glowing drain.
  3871 | Sewer    | Entered a sewer
  4916 | Sewer    | HP: 2/53 [worm (6)]
  5703 | D:3      | Killed Ijyb
  5723 | D:3      | Noticed Natasha
  5729 | D:3      | Killed Natasha
  5899 | D:3      | Noticed Natasha
  5903 | D:3      | Killed Natasha
  6218 | D:4      | Noticed an acid dragon
  6223 | D:4      | Reached skill level 5 in Fighting
  6612 | D:4      | Reached skill level 6 in Long Blades
  6612 | D:4      | Reached XP level 8. HP: 41/59 MP: 0/0
  7129 | D:4      | Found a broken altar of Ashenzari.
  7195 | D:4      | HP: 1/59 [orc/+0 war axe (8)]
  7845 | D:4      | Found an iron altar of Okawaru.
  7849 | D:4      | Found a bloodstained altar of Trog.
  7850 | D:4      | Found a white marble altar of Elyvilon.
  7852 | D:4      | Found a hazy altar of Hepliaklqana.
  7852 | D:4      | Found a basalt altar of Yredelemnul.
  8419 | D:4      | Found a burning altar of Makhleb.
  8421 | D:4      | Found a shimmering altar of Xom.
  8425 | D:4      | Found an ornate altar of the Wu Jian Council.
  8536 | D:5      | Entered Level 5 of the Dungeon
  8587 | D:5      | Noticed Menkaure
  8592 | D:5      | Killed Menkaure
  8741 | D:5      | Reached skill level 7 in Long Blades
  8847 | D:5      | Found a stormy altar of Qazlal.
  9282 | D:4      | Reached XP level 9. HP: 8/66 MP: 0/0
  9282 | D:4      | Learned a level 3 spell: Spider Form
 10112 | D:5      | Found a staircase to the Ecumenical Temple.
 10131 | Temple   | Entered the Ecumenical Temple
 10274 | D:6      | Noticed Prince Ribbit
 10275 | D:6      | Reached skill level 8 in Long Blades
 10275 | D:6      | Reached skill level 5 in Spellcasting
 10297 | D:6      | Killed Prince Ribbit
 10585 | D:6      | Noticed Edmund
 10596 | D:6      | Killed Edmund
 10657 | D:6      | Found a sand-covered staircase.
 10665 | D:6      | Noticed Pikel
 10667 | Ossuary  | Entered an ossuary
 11802 | D:5      | Killed Pikel
 11803 | D:5      | Reached skill level 9 in Long Blades
 11803 | D:5      | Reached XP level 10. HP: 37/75 MP: 0/0
 13491 | D:7      | Noticed Maggie
 13514 | D:7      | Found Cukligub's Commerce Corner.
 13555 | D:7      | Killed Maggie
 13799 | D:7      | Bought a potion of curing for 39 gold pieces
 13799 | D:7      | Bought a +0 cloak for 58 gold pieces
 14516 | D:7      | Killed an unseen horror
 14517 | D:7      | Reached skill level 10 in Long Blades
 16034 | D:7      | Found an opulent altar of Gozag.
 16161 | D:7      | Found Wucko's Lightly-Used Armoury.
 16239 | D:7      | Identified the +3 long sword of the Inferno {vorpal,
                  | *Corrode rElec Int+5}
 16678 | D:7      | HP: 3/76 [bullfrog (6)]
 17376 | D:8      | Reached XP level 11. HP: 73/82 MP: 0/0
 17376 | D:8      | Learned a level 5 spell: Freezing Cloud
 17499 | D:8      | Found a sparkling altar of Nemelex Xobeh.
 18980 | D:9      | Reached skill level 11 in Long Blades
 19939 | D:10     | Entered Level 10 of the Dungeon
 19939 | D:10     | Noticed a two-headed ogre
 20010 | D:10     | Noticed a two-headed ogre
 20149 | D:10     | Killed a two-headed ogre
 20740 | D:10     | Found a staircase to the Lair.
 20764 | D:10     | Killed a two-headed ogre
 20765 | D:10     | Reached skill level 1 in Dodging
 21359 | D:10     | Noticed Urug
 21361 | D:10     | Noticed Urug
 21361 | D:10     | Urug changed into Urug the floating eye
 21364 | D:10     | Paralysed by Urug for 2 turns
 21366 | D:10     | Killed Urug the floating eye
 21922 | D:11     | HP: 4/84 [centaur warrior zombie (8)]
 22855 | D:11     | Reached skill level 12 in Long Blades
 23261 | D:11     | Found a staircase to the Orcish Mines.
 23394 | D:11     | Found Adicw's Antique Armour Emporium.
 23951 | D:12     | Noticed a centaur warrior
 23953 | D:12     | Shot with an arrow by a centaur warrior

Illustrated notes

Levels and vault maps discovered:
D:1:      mrwooster_arrival_statue_3, layout_basic,
          hangedman_abyss_or_decor_stabs, minmay_octomino_c4
D:2:      minmay_skewed_foursquare, layout_loops_corners, uniq_robin,
          uniq_jessica
D:3:      layout_loops_ring, mainiacjoe_overflow_paths, gup_sewer_entry_bowl,
          kennysheep_decorative_pillar, chequers_jeans, minmay_statues_item,
          uniq_terence, uniq_ijyb, uniq_grinder, uniq_natasha
D:4:      layout_cave_pools, nicolae_overflow_hallway_of_the_gods
D:5:      layout_rooms, mainiacjoe_overflow_tiny_flanked,
          lemuel_temple_firewalk_b, uniq_menkaure
D:6:      layout_basic, enter_ossuary_3, grunt_ministairs_3, minmay_misc_feat_x,
          uniq_pikel, uniq_prince_ribbit1, uniq_edmund
D:7:      cheibrodos_two_vegetables, layout_basic, mainiacjoe_overflow_brackets,
          skrybe_limestone_x, minmay_shop_damaged, nicolae_alphabet_shops,
          uniq_maggie
D:8:      layout_cave_pools, nemelex_spade_bored_becter
D:9:      layout_basic, serial_glass, glass_columns_b, glass_columns_a
D:10:     layout_loops_corners, david_lair_generic, uniq_urug
D:11:     layout_roguey, david_orc_5, serial_shops, shop
D:12:     layout_long_grid, gauntlet_entry_generic, sword_in_stone
Temple:   dpeg_three_leaves_temple

Skill      XL: |  1  2  3  4  5  6  7  8  9 10 11 |
---------------+----------------------------------+-----
Long Blades    | 3 4 5 6 7 9 10 12 | 12.1
Spellcasting   | 3 4 5 6 7 |  7.0
Fighting       | 4 5 6 7 8 9 |  9.6
Dodging        | 3 |  3.3

Action                   |  1- 3 |  4- 6 |  7- 9 | 10-12 || total
-------------------------+-------+-------+-------+-------++-------
Melee: Falchion          |    60 |    81 |   196 |       ||   337
       Whip              |   102 |       |       |       ||   102
       Unarmed           |       |     6 |       |     4 ||    10
       Punch             |       |     1 |     6 |     1 ||     8
       Scimitar          |       |       |   110 |    47 ||   157
       Dagger            |       |       |    26 |     8 ||    34
       Great sword       |       |       |       |   314 ||   314
 Cast: Scorch            |     2 |     2 |    72 |    82 ||   158
       Call Imp          |       |       |    12 |       ||    12
       Summon Guardian G |       |       |     2 |     3 ||     5
       Sting             |       |       |     1 |       ||     1
       Spider Form       |       |       |       |     1 ||     1
       Freezing Cloud    |       |       |       |     2 ||     2
Invok: Fiery Armour      |       |     1 |     5 |       ||     6
       Foxfire Swarm     |       |     1 |     3 |       ||     4
Evoke: Wand              |       |       |     7 |    16 ||    23
  Use: Scroll            |       |     8 |     3 |     7 ||    18
       Potion            |       |       |     2 |       ||     2
 Stab: Sleeping          |       |     1 |       |       ||     1
Armor: Robe              |    48 |    23 |    39 |       ||   110
       Acid dragon scale |       |       |    83 |   158 ||   241
       Leather armour    |       |       |     3 |       ||     3
       Ring mail         |       |       |       |    74 ||    74
Dodge: Dodged            |   133 |    48 |   219 |   289 ||   689
